 Dungeon Crawl Stone Soup version 0.19-a0-1714-gcab94ab (webtiles) character file.

572 Vasilisck the Sneak (level 7, -6/49 HPs)
             Began as an Octopode Monk on Sept 28, 2016.
             Mangled by a centaur (8 damage)
             ... on level 5 of the Dungeon.
             The game lasted 00:10:43 (5390 turns).

Vasilisck the Sneak (Octopode Monk)                 Turns: 5390, Time: 00:10:45

Health: -6/49      AC:  2    Str: 12    XL:     7   Next: 34%
Magic:  7/7        EV: 15    Int: 13    God:
Gold:   125        SH:  0    Dex: 14    Spells: 0 memorised, 6 levels left

rFire  . . .     SeeInvis .       - Unarmed
rCold  . . .     Gourm    .     (no shield)
rNeg   . . .     Faith    +     (helmet restricted)
rPois  .         Spirit   .     c - amulet of faith
rElec  .         Dismiss  .     h - ring of stealth
rCorr  .         Reflect  .     (no ring)
MR     .....     Harm     .     (no ring)
Stlth  +++++.....               (no ring)
                                (no ring)
                                (no ring)
                                (no ring)
                                (no ring)

@: drained
A: almost no armour, stealthy swim, amphibious, 8 rings, constrict 8, camouflage
1, gelatinous body 1
a: no special abilities


You were on level 5 of the Dungeon.
You were hungry.

You visited 1 branch of the dungeon, and saw 5 of its levels.

You collected 125 gold pieces.

Inventory:

Jewellery
 c - an amulet of faith (around mantle)
 h - a ring of stealth (left tentacle)
Scrolls
 d - a scroll of enchant weapon
 e - 3 scrolls of identify
 g - a scroll of amnesia
 i - 2 scrolls of remove curse
Potions
 k - a potion of flight
 m - a potion of brilliance
Comestibles
 a - 4 fruits
 j - a bread ration


   Skills:
 + Level 4.8(4.5) Fighting
 + Level 4.8(4.6) Dodging
 + Level 6.1(5.8) Stealth
 + Level 4.7(4.5) Unarmed Combat


You had 6 spell levels left.
You didn't know any spells.

Dungeon Overview and Level Annotations

Branches:
Dungeon (5/15)
 Temple: D:4-7

Altars:
Okawaru

Shops:
D:4 (

Annotations:
D:4 teurkeur's ghost, amateur MiBe
D:5 epen's ghost, amateur FoMo


Innate Abilities, Weirdness & Mutations

You cannot wear most types of armour.
You are very stealthy in the water.
You are amphibious.
You can wear up to eight rings at the same time.
You can use your tentacles to constrict eight enemies at once.
Your skin changes colour to match your surroundings (Stealth+).
Your rubbery body absorbs attacks. (AC +1, EV +1)


Message History

The centaur hits you.
You barely miss the centaur.
The centaur is heavily wounded.
The centaur hits you but does no damage.
You tentacle-slap the centaur. Your squeeze misses the centaur.
The centaur is severely wounded.
The centaur hits you.
* * * LOW HITPOINT WARNING * * *
The centaur misses you.
You barely miss the centaur. You squeeze the centaur.
The centaur is severely wounded.
The centaur hits you.
* * * LOW HITPOINT WARNING * * *
You tentacle-slap the centaur but do no damage.
Your squeeze misses the centaur.
The centaur is severely wounded.
The centaur hits you!
* * * LOW HITPOINT WARNING * * *
The centaur hits you!
You die...

#.......(...#....#
#...........'....#
##...##..##.######
#####...##..##.##..##
.............#......#
............(#......#
.###...####(####..###
######...###.(#######
..........#@.....#
..........'c.....#
..........#......#
######.(##.....##
.######.(########
..c.......#
..........#
.######.### #.#


You could see a centaur.

Vanquished Creatures
  Sigmund (D:2)
  2 scorpions
  The ghost of epen the Ruffian, a weakling FoMo (D:3)
  A crimson imp (D:5)
  A quasit (D:4)
  Jessica (D:2)
  An iguana (D:4)
  A worker ant (D:5)
  4 adders
  An ooze (D:1)
  2 adder skeletons (D:4)
  6 worms
  6 leopard geckos
  2 orcs (D:3)
  6 bats
  5 giant cockroaches
  2 hobgoblins
  6 jackals
  3 quokkas
  A ball python (D:1)
  5 frilled lizards
  7 goblins
  12 kobolds
  10 rats
87 creatures vanquished.

Notes
Turn   | Place    | Note
-------+----------+-------------------------------------------
     0 | D:1      | Vasilisck the Octopode Monk began the quest for the Orb.
     0 | D:1      | Reached XP level 1. HP: 16/16 MP: 1/1
   196 | D:1      | Reached XP level 2. HP: 21/21 MP: 2/2
   206 | D:1      | Reached skill level 3 in Stealth
   465 | D:2      | Reached XP level 3. HP: 26/26 MP: 3/3
   753 | D:2      | Noticed Jessica
   753 | D:2      | Noticed Sigmund
  1197 | D:2      | Killed Sigmund
  1197 | D:2      | Reached skill level 4 in Stealth
  1197 | D:2      | Reached XP level 4. HP: 22/33 MP: 4/4
  1197 | D:2      | Reached XP level 5. HP: 25/37 MP: 5/5
  1226 | D:2      | Killed Jessica
  1473 | D:2      | Reached XP level 6. HP: 43/43 MP: 6/6
  1551 | D:3      | Noticed epen's ghost (weakling FoMo)
  1568 | D:3      | Found an iron altar of Okawaru.
  1584 | D:3      | Killed epen's ghost
  1584 | D:3      | Reached skill level 5 in Stealth
  2182 | D:4      | Noticed teurkeur's ghost (amateur MiBe)
  2788 | D:4      | HP: 1/44 [teurkeur's ghost (15)]
  3662 | D:4      | Reached XP level 7. HP: 49/49 MP: 7/7
  3794 | D:4      | Found Ryhuckad's Weapon Boutique.
  4060 | D:5      | Entered Level 5 of the Dungeon
  4102 | D:5      | Reached skill level 6 in Stealth
  4145 | D:5      | Noticed epen's ghost (amateur FoMo)
  4519 | D:5      | HP: 2/49 [centaur (4)]
  4833 | D:5      | HP: 1/49 [centaur (4)]
  5390 | D:5      | HP: 2/49 [centaur (7)]
  5390 | D:5      | Mangled by a centaur

Vault maps used:
D:1:      minmay_arrival_arboretum_small, eino_curves_02, bh_walls_and_bars
D:2:      minmay_crystal_room, uniq_jessica, uniq_sigmund
D:3:      nicolae_overflow_crystal_walls
D:4:      serial_shops, shop
D:5:      gammafunk_temple_overflow_wave, first_bread

Skill      XL: |  1  2  3  4  5  6  7 |
---------------+----------------------+-----
Stealth        | 3 4 5 6 |  6.1
Fighting       | 4 |  4.8
Dodging        | 4 |  4.8
Unarmed Combat | 4 |  4.7

Action                   |  1- 3 |  4- 6 |  7- 9 || total
-------------------------+-------+-------+-------++-------
Melee: Unarmed           |    66 |   115 |    86 ||   267
       Constrict         |    16 |    22 |    15 ||    53
       Tentacles         |    11 |    20 |    20 ||    51
       Punch             |     1 |     3 |       ||     4
  Use: Potion            |     6 |     5 |     3 ||    14
       Scroll            |     6 |       |     5 ||    11
 Stab: Sleeping          |    11 |    10 |     3 ||    24
       Invisible         |       |     1 |       ||     1
  Eat: Bread ration      |       |     2 |     1 ||     3
       Chunk             |       |       |     1 ||     1
Armor: Skin              |     7 |    10 |    14 ||    31
Dodge: Dodged            |    36 |    65 |    80 ||   181
